 Dungeon Crawl Stone Soup version 0.16-a0-3134-g9b1347a (webtiles) character file.

164 PolkaDot the Vexing (level 5, -1/35 HPs)
             Began as a Vampire Enchanter on Dec 14, 2014.
             Killed by divine providence
             ... invoked by an orc priest
              (17 damage)
             ... on level 3 of the Dungeon.
             The game lasted 00:09:16 (3063 turns).

PolkaDot the Vexing (Vampire Enchanter)             Turns: 3063, Time: 00:09:16

Health: -1/35      AC:  3    Str:  7    XL:     5   Next: 21%
Magic:  5/9        EV: 12    Int: 18    God:
Gold:   117        SH:  0    Dex: 14    Spells: 3 memorised, 2 levels left

rFire  . . .     SeeInvis +     g - +0 dagger (speed)
rCold  + + .     Clarity  .     b - +1 robe
rNeg   + + +     SustAb   .     (no shield)
rPois  ∞         Gourm    .     (no helmet)
rElec  .         Spirit   .     (no cloak)
rCorr  .         Warding  .     (no gloves)
rMut   .         Stasis   .     (no boots)
MR     .....                    (no amulet)
Stlth  ++++......               (no ring)
                                a - ring of wizardry

@: bloodless, non-regenerating, not resistant to hostile enchantments, stealthy
A: bottle blood, fangs 3, see invisible, unbreathing
a: Bat Form


You were on level 3 of the Dungeon.
You were bloodless.

You visited 1 branch of the dungeon, and saw 3 of its levels.

You collected 117 gold pieces.

Inventory:

Hand weapons
 g - a +0 dagger of speed (weapon)
Armour
 b - a +1 robe (worn)
Jewellery
 a - a ring of wizardry (left hand)
Magical devices
 d - a wand of lightning (2)
Scrolls
 e - a scroll of remove curse
 h - a scroll of noise {unknown}
 i - a scroll of random uselessness {unknown}
 k - a scroll of enchant armour {unknown}
 q - a scroll of enchant weapon {unknown}
 r - a scroll of teleportation {unknown}
Potions
 f - a potion of lignification
 j - a potion of cancellation
 l - a potion of brilliance
 m - a potion of haste {unknown}
 n - a potion of might {unknown}
 o - a potion of poison {unknown}
 p - a potion of curing {unknown}
 s - a potion of invisibility {unknown}
Books
 c - a book of Maledictions

   Spells                             Type                      Level
   a - Corona                         Hexes                        1
   b - Sure Blade                     Hexes/Charms                 2
   c - Ensorcelled Hibernation        Hexes/Ice                    2
   d - Confuse                        Hexes                        3
   e - Dazzling Spray                 Conjuration/Hexes            3
   f - Enslavement                    Hexes                        4


   Skills:
 + Level 2.9 Short Blades
 - Level 2.1 Dodging
 + Level 5.3 Stealth
 - Level 2.0 Spellcasting
 * Level 7.0 Hexes
 - Level 1.0 Ice Magic


You had 2 spell levels left.
You knew the following spells:

 Your Spells              Type           Power        Failure   Level  Hunger
a - Corona                Hex            ####...      1%          1    #......
c - Confuse               Hex            ####....     1%          3    ###....
d - Ensorcelled Hibernat  Hex/Ice        ###...       2%          2    ###....


Dungeon Overview and Level Annotations

Branches:
Dungeon (3/15)

Altars:
Dithmenos
Nemelex Xobeh


Innate Abilities, Weirdness & Mutations

You do not heal naturally.
You can bottle blood from corpses.
You have razor-sharp teeth.
You have supernaturally acute eyesight.
You can survive without breathing.


Message History

The helpless orc fails to defend itself.
You bite the orc, and draw its blood!
You feel better.
You feel slightly less thirsty.
You impale the orc!!
You kill the orc!
The orc priest shouts!
The orc priest invokes the aid of Beogh against you.
You struggle to resist.
The orc priest mumbles some strange prayers to Beogh against you.
Something smites you!
* * * LOW HITPOINT WARNING * * *
You see here a mace.
Casting: Ensorcelled Hibernation
Confirm with . or Enter, or press ? or * to list all spells.
Aiming: Ensorcelled Hibernation
Press: ? - help, Shift-Dir - straight line, f - orc priest
Aim: an orc priest, wielding a club The orc priest resists with some effort.
The orc priest mumbles some strange prayers to Beogh against you.
Something smites you!
You die...

##..#...........)....#.######
##..#.#####...)....#........#
##..#.#####......#.....#..
##..#..............#.#...#
##[.#####......#...#.#...#
##........#.#..#...#.######
....<............).#......#
.....#..#...#.##.########.#
................@.......#.#
)...###..#....##.#......#.#
......<.........o.......#.#
.............###.#......# #
...###..#.#..# #.#......#
.............# #.#o#..###
..####..#.#..###.#.#.##
..............##....>.#
.##...........#.....#.## ##


You could see an orc priest.

Vanquished Creatures
  Ijyb (D:3)
  5 adders
  A giant mite (D:3)
  3 worms (D:2)
  A giant gecko (D:3)
  An ooze (D:2)
  4 orcs (D:3)
  A ball python (D:1)
  8 bats
  7 giant cockroaches
  11 goblins
  12 hobgoblins
  9 kobolds
  5 giant newts
  4 rats
73 creatures vanquished.

Notes
Turn   | Place    | Note
--------------------------------------------------------------
     0 | D:1      | PolkaDot, the Vampire Enchanter, began the quest for the Orb.
     0 | D:1      | Reached XP level 1. HP: 13/13 MP: 3/3
   104 | D:1      | Reached XP level 2. HP: 14/19 MP: 2/4
   117 | D:1      | Reached skill level 5 in Hexes
   894 | D:1      | Reached XP level 3. HP: 24/24 MP: 6/6
   999 | D:1      | Learned a level 2 spell: Ensorcelled Hibernation
  1003 | D:1      | Learned a level 3 spell: Confuse
  1297 | D:2      | Reached skill level 1 in Ice Magic
  1395 | D:2      | Reached XP level 4. HP: 30/30 MP: 4/7
  1431 | D:2      | Reached skill level 6 in Hexes
  1600 | D:2      | Found a shadowy altar of Dithmenos.
  1867 | D:2      | Reached skill level 5 in Stealth
  2075 | D:2      | Found a sparkling altar of Nemelex Xobeh.
  2621 | D:3      | Reached XP level 5. HP: 30/35 MP: 9/9
  2869 | D:3      | Noticed Ijyb
  2882 | D:3      | Killed Ijyb
  3025 | D:3      | Reached skill level 7 in Hexes
  3063 | D:3      | Killed from afar by an orc priest

Action                   |  1- 3 |  4- 6 || total
-------------------------+-------+-------++-------
Melee: Dagger            |   155 |   103 ||   258
 Cast: Corona            |     5 |       ||     5
       Ensorcelled Hiber |     9 |    18 ||    27
       Confuse           |       |     1 ||     1
  Use: Scroll            |     2 |     3 ||     5
 Stab: Sleeping          |    18 |    20 ||    38
